 Dungeon Crawl Stone Soup version 0.28-a0-1339-ga5422284a4 (webtiles) character file.

Game seed: 7049151465758650975

188 porpoise the Magician (level 5, 0/28 HPs)
             Began as a Deep Elf Conjurer on Dec 29, 2021.
             Slain by Crazy Yiuf (11 damage)
             ... on level 3 of the Dungeon.
             The game lasted 00:07:02 (2662 turns).

porpoise the Magician (Deep Elf Conjurer)           Turns: 2662, Time: 00:07:03

Health: 0/28       AC:  4    Str:  4    XL:     5   Next: 39%
Magic:  11/15      EV: 12    Int: 25    God:
Gold:   116        SH:  0    Dex: 13    Spells: 4/15 levels left

rFire   . . .      SeeInvis .   b - +0 hunting sling
rCold   . . .      Faith    .   (no shield)
rNeg    . . .      Spirit   .   n - +0 robe
rPois   .          Reflect  .   (no helmet)
rElec   .          Harm     .   e - +0 cloak
rCorr   .          Rampage  .   (no gloves)
Will    .....                   g - +0 pair of boots
Stlth   ++........              (no amulet)
HPRegen 0.09/turn               (no ring)
MPRegen 0.14/turn               (no ring)

@: invisible
A: no striking features
a: no special abilities


You were on level 3 of the Dungeon.
You visited 1 branch of the dungeon, and saw 3 of its levels.

You collected 116 gold pieces.

Inventory:

Hand Weapons
 b - a +0 hunting sling (weapon)
Missiles
 c - 23 poisoned darts
 f - 79 stones (quivered ammo)
 h - 14 sling bullets
Armour
 e - a +0 cloak (worn)
 g - a +0 pair of boots (worn)
 n - a +0 robe (worn)
Jewellery
 k - an amulet of faith
Wands
 l - a wand of flame (18)
Scrolls
 j - a scroll of enchant armour {unknown}
Potions
 a - a potion of haste {unknown}
 d - 2 potions of attraction {unknown}
 i - a potion of magic {unknown}
 m - a potion of might {unknown}
 o - a potion of degeneration {unknown}


   Skills:
 - Level 2.4 Dodging
 + Level 3.1 Stealth
 * Level 5.5 Spellcasting
 - Level 5.4 Conjurations
 * Level 2.6 Hexes


You had 4 spell levels left.
You knew the following spells:

 Your Spells              Type           Power      Damage    Failure   Level
a - Magic Dart            Conj           100%       1d8       1%          1
b - Searing Ray           Conj           68%        2d6       1%          2
c - Fulminant Prism       Conj/Hex       13%        3d9       14%         4
d - Iskenderun's Mystic   Conj/Tloc      20%        2d6       26%         4

Your spell library contained the following spells:

 Spells                   Type           Power      Damage    Failure   Level
 Dazzling Flash           Conj/Hex       54%        N/A       4%          3


Dungeon Overview and Level Annotations

Branches:
Dungeon (3/15)

Altars:

Annotations:
D:3 Crazy Yiuf


Message History

The ogre is almost dead.
The searing ray hits the ogre.
You kill the ogre!
You finish channelling your searing ray.
Your Stealth skill increases to level 3!
Your Spellcasting skill increases to level 5!
Your Hexes skill increases to level 2!
You have reached level 5!
You start resting.
Magic restored.
You start waiting.
Done waiting.
You see here a +0 dagger.
You see here a ball python corpse.
Found two maces.
You see here a +0 mace.
Found three maces.
Found a runed translucent door.
Crazy Yiuf shouts!
Crazy Yiuf waves his quarterstaff at you.
You see here a +0 mace.
Crazy Yiuf says, "Papa tortoise poople!"
You open the door.
Casting: Searing Ray (safe; 1% risk of failure)
Confirm with . or Enter, or press ? or * to list all spells.
Aiming: Searing Ray (safe; 1% risk of failure)
Press: ? - help, Shift-Dir - straight line, f - Crazy Yiuf
Aim: Crazy Yiuf, wielding a +4 quarterstaff of chaos and wearing a +0 cloak (83% to hit)
The searing ray hits Crazy Yiuf!
Crazy Yiuf is heavily wounded. (Press . to maintain the ray.) Crazy Yiuf hits you with a +4 quarterstaff of chaos!
You fade into invisibility!
The searing ray hits Crazy Yiuf.
Crazy Yiuf is severely wounded.
Crazy Yiuf hits you with a +4 quarterstaff of chaos!
Crazy Yiuf freezes you.
The searing ray hits Crazy Yiuf.
Crazy Yiuf is almost dead.
Crazy Yiuf hits you with a +4 quarterstaff of chaos!
You die...

## ##. ############ ### ######..
......#..#.## ###..)# #.......
........))..####@g)..# ###.####..
..........)..#.)##...# #.........
.........#))#.### ### ####.###..
........####### #.##.###.#
...†....# #.##......
###.....################.##.###.#
#)...>.........................
##.....###.####.#######.........
#.)........# #.# #.########


You could see Crazy Yiuf.

Vanquished Creatures
  An ogre (D:3)
  Jessica (D:2)
  2 adders (D:2)
  An adder skeleton (D:2)
  A worm (D:2)
  2 dart slugs (D:2)
  5 endoplasms
  6 goblins
  5 hobgoblins
  4 quokkas
  4 ball pythons
  5 bats
  3 frilled lizards
  2 kobolds
  6 rats
48 creatures vanquished.

Notes
Turn   | Place    | Note
-------+----------+-------------------------------------------
     0 | D:1      | porpoise the Deep Elf Conjurer began the quest for the Orb.
     0 | D:1      | Reached XP level 1. HP: 10/10 MP: 6/6
   655 | D:1      | Reached XP level 2. HP: 15/15 MP: 5/8
   658 | D:1      | Learned a level 2 spell: Searing Ray
  1141 | D:2      | Reached skill level 5 in Conjurations
  1141 | D:2      | Reached XP level 3. HP: 19/19 MP: 5/10
  1516 | D:2      | Noticed Jessica
  1519 | D:2      | Killed Jessica
  1520 | D:2      | Reached XP level 4. HP: 24/24 MP: 7/12
  1756 | D:2      | Learned a level 4 spell: Fulminant Prism
  1761 | D:2      | Learned a level 4 spell: Iskenderun's Mystic Blast
  2339 | D:3      | Reached skill level 1 in Hexes
  2472 | D:3      | Noticed an ogre
  2493 | D:3      | Killed an ogre
  2494 | D:3      | Reached skill level 5 in Spellcasting
  2494 | D:3      | Reached XP level 5. HP: 28/28 MP: 8/15
  2655 | D:3      | Found a runed translucent door.
  2656 | D:3      | Noticed Crazy Yiuf
  2662 | D:3      | Slain by Crazy Yiuf

Illustrated notes

Levels and vault maps discovered:
D:1:      amcnicky_arrival_underground_garden, layout_basic,
          minmay_misc_feat_enclosed
D:2:      layout_loops_cross, minmay_pentomino_pile, uniq_jessica
D:3:      layout_basic, uniq_crazy_yiuf_cottage

Skill      XL: |  1  2  3  4 |
---------------+-------------+-----
Spellcasting   | 4 5 |  5.5
Conjurations   | 5 |  5.4
Hexes          | 2 |  2.6
Stealth        | 3 |  3.1
Dodging        | |  2.4

Action                   |  1- 3 |  4- 6 || total
-------------------------+-------+-------++-------
 Cast: Magic Dart        |    36 |    30 ||    66
       Searing Ray       |     7 |     2 ||     9
Armor: Robe              |     1 |       ||     1
Dodge: Dodged            |     2 |       ||     2

Table legend: (Time is in decaauts)
 A = Elapsed time spent in this place.
 B = Non-inter-level travel time spent in this place.
 C = Inter-level travel time spent in this place.
 D = Time resting spent in this place.
 E = Time spent auto-exploring this place.
 F = Levels seen in this place.
 G = Mean time per level.
                   A        B        C        D        E       F      G
               +--------+--------+--------+--------+--------+-----+--------+
         Total |   2661 |   2628 |     33 |    967 |   1380 |   3 |  887.0 |
       Dungeon |   2661 |   2628 |     33 |    967 |   1380 |   3 |  887.0 |
               +--------+--------+--------+--------+--------+-----+--------+

Top non-repeatable levels by time:
     D:2: 925 daAuts
     D:3: 888 daAuts
     D:1: 847 daAuts
